Workbook
Name Criticité: 'Risque MED'!$E$2:$E$58
Name Libellé: 'Risque MED'!$B$2:$B$58
Name ris: #REF!
Name ris: #REF!
Name s: #REF!
Name s: #REF!

Sheet Risque MED
A1: N° | B1: Risques opérationnels | C1: Score Impact | D1: Score Probabilité | E1: Score Risque Inhérent (Criticité) | F1: Score Contrôle | G1: Risque Résiduel | I1: Rang | J1: Rang Présent | K1: nbre risque/rang
A2: 1 | B2: Prévisions inexactes/ imprécises | C2: 5 | D2: 5 | E2: =D2*C2 -> 25 | F2: 5 | G2: =E2*(1-(F2/5))+0.2*E2 -> 5 | I2: =RANK(E2,$E$2:$E$58,1) -> 52 | J2: 1 | K2: =COUNTIF(I2:I58,I2) -> 6
A3: 2 | B3: Mauvaise /insuffisante planification des projets | C3: 5 | D3: 5 | E3: =D3*C3 -> 25 | F3: 1 | G3: =E3*(1-(F3/5))+0.2*E3 -> 25 | I3: =RANK(E3,$E$2:$E$58,1) -> 52 | J3: =IF(J2="","",IF(J2+K2>COUNTA(B2:B59)-1,"",J2+K2)) -> 7 | K3: =COUNTIF(I3:I59,I3) -> 5
A4: 3 | B4: Perte d'opportunité de projets | C4: 5 | D4: 1 | E4: =D4*C4 -> 5 | F4: 2 | G4: =E4*(1-(F4/5))+0.2*E4 -> 4 | I4: =RANK(E4,$E$2:$E$58,1) -> 24 | J4: =IF(J3="","",IF(J3+K3>COUNTA(B3:B60)-1,"",J3+K3)) -> 12 | K4: =COUNTIF(I4:I60,I4) -> 16
A5: 4 | B5: Utilisation inefficiente des ressources (personnes, matériels) | C5: 4 | D5: 1 | E5: =D5*C5 -> 4 | F5: 3 | G5: =E5*(1-(F5/5))+0.2*E5 -> 2.4 | I5: =RANK(E5,$E$2:$E$58,1) -> 20 | J5: =IF(J4="","",IF(J4+K4>COUNTA(B4:B61)-1,"",J4+K4)) -> 28 | K5: =COUNTIF(I5:I61,I5) -> 4
A6: 5 | B6: Pas de document offciel de pilotage de projet | C6: 5 | D6: 4 | E6: =D6*C6 -> 20 | F6: 1 | G6: =E6*(1-(F6/5))+0.2*E6 -> 20 | I6: =RANK(E6,$E$2:$E$58,1) -> 48 | J6: =IF(J5="","",IF(J5+K5>COUNTA(B5:B62)-1,"",J5+K5)) -> 32 | K6: =COUNTIF(I6:I62,I6) -> 4
A7: 6 | B7: Equipe projet non collaborative | C7: 2 | D7: 1 | E7: =D7*C7 -> 2 | F7: 3 | G7: =E7*(1-(F7/5))+0.2*E7 -> 1.2 | I7: =RANK(E7,$E$2:$E$58,1) -> 4 | J7: =IF(J6="","",IF(J6+K6>COUNTA(B6:B63)-1,"",J6+K6)) -> 36 | K7: =COUNTIF(I7:I63,I7) -> 7
A8: 7 | B8: Incompréhension de la demande client | C8: 5 | D8: 1 | E8: =D8*C8 -> 5 | F8: 2 | G8: =E8*(1-(F8/5))+0.2*E8 -> 4 | I8: =RANK(E8,$E$2:$E$58,1) -> 24 | J8: =IF(J7="","",IF(J7+K7>COUNTA(B7:B64)-1,"",J7+K7)) -> 43 | K8: =COUNTIF(I8:I64,I8) -> 15
A9: 8 | B9: Projet non rentable | C9: 5 | D9: 3 | E9: =D9*C9 -> 15 | F9: 1 | G9: =E9*(1-(F9/5))+0.2*E9 -> 15 | I9: =RANK(E9,$E$2:$E$58,1) -> 44 | J9: =IF(J8="","",IF(J8+K8>COUNTA(B8:B65)-1,"",J8+K8)) | K9: =COUNTIF(I9:I65,I9) -> 4
A10: 9 | B10: Dépassement du budget | C10: 5 | D10: 5 | E10: =D10*C10 -> 25 | F10: 5 | G10: =E10*(1-(F10/5))+0.2*E10 -> 5 | I10: =RANK(E10,$E$2:$E$58,1) -> 52 | J10: =IF(J9="","",IF(J9+K9>COUNTA(B9:B66)-1,"",J9+K9)) | K10: =COUNTIF(I10:I66,I10) -> 4
A11: 1 | B11: données érronées/ perdues | C11: 2 | D11: 1 | E11: =D11*C11 -> 2 | G11: =E11*(1-(F11/5))+0.2*E11 -> 2.4 | I11: =RANK(E11,$E$2:$E$58,1) -> 4 | J11: =IF(J10="","",IF(J10+K10>COUNTA(B10:B67)-1,"",J10+K10)) | K11: =COUNTIF(I11:I67,I11) -> 6
A12: 2 | B12: Indisponibilité de matériel et des équipements | C12: 5 | D12: 5 | E12: =D12*C12 -> 25 | G12: =E12*(1-(F12/5))+0.2*E12 -> 30 | I12: =RANK(E12,$E$2:$E$58,1) -> 52 | J12: =IF(J11="","",IF(J11+K11>COUNTA(B11:B68)-1,"",J11+K11)) | K12: =COUNTIF(I12:I68,I12) -> 3
A13: 3 | B13: Menace de perturbation de l'activité due à des catastrophes naturelles (trenblements de terre, tornade, …) ou instabilité politique (actes terroristes et actes de malveillance) | C13: 4 | D13: 5 | E13: =D13*C13 -> 20 | G13: =E13*(1-(F13/5))+0.2*E13 -> 24 | I13: =RANK(E13,$E$2:$E$58,1) -> 48 | J13: =IF(J12="","",IF(J12+K12>COUNTA(B12:B69)-1,"",J12+K12)) | K13: =COUNTIF(I13:I69,I13) -> 3
A14: 4 | B14: incapacité à fournir la gestion adéquate de protection des équipements pour optimiser la longévité et l'utilisation | C14: 5 | D14: 4 | E14: =D14*C14 -> 20 | G14: =E14*(1-(F14/5))+0.2*E14 -> 24 | I14: =RANK(E14,$E$2:$E$58,1) -> 48 | J14: =IF(J13="","",IF(J13+K13>COUNTA(B13:B70)-1,"",J13+K13)) | K14: =COUNTIF(I14:I70,I14) -> 2
A15: 5 | B15: Impossibilité d'accès aux informations | C15: 5 | D15: 1 | E15: =D15*C15 -> 5 | G15: =E15*(1-(F15/5))+0.2*E15 -> 6 | I15: =RANK(E15,$E$2:$E$58,1) -> 24 | J15: =IF(J14="","",IF(J14+K14>COUNTA(B14:B71)-1,"",J14+K14)) | K15: =COUNTIF(I15:I71,I15) -> 14
A16: 6 | B16: Absence de standards et normes d'intervention | C16: 5 | D16: 1 | E16: =D16*C16 -> 5 | G16: =E16*(1-(F16/5))+0.2*E16 -> 6 | I16: =RANK(E16,$E$2:$E$58,1) -> 24 | J16: =IF(J15="","",IF(J15+K15>COUNTA(B15:B72)-1,"",J15+K15)) | K16: =COUNTIF(I16:I72,I16) -> 13
A17: 7 | B17: Echec à exécuter conformément aux réglementations | C17: 5 | D17: 1 | E17: =D17*C17 -> 5 | G17: =E17*(1-(F17/5))+0.2*E17 -> 6 | I17: =RANK(E17,$E$2:$E$58,1) -> 24 | J17: =IF(J16="","",IF(J16+K16>COUNTA(B16:B73)-1,"",J16+K16)) | K17: =COUNTIF(I17:I73,I17) -> 12
A18: 8 | B18: rapports d'analyses incorrectes/prématurés/ en retards | C18: 2 | D18: 4 | E18: =D18*C18 -> 8 | G18: =E18*(1-(F18/5))+0.2*E18 -> 9.6 | I18: =RANK(E18,$E$2:$E$58,1) -> 40 | J18: =IF(J17="","",IF(J17+K17>COUNTA(B17:B74)-1,"",J17+K17)) | K18: =COUNTIF(I18:I74,I18) -> 1
A19: 9 | B19: Coût élevé d'acquisition des analyses | C19: 1 | D19: 1 | E19: =D19*C19 -> 1 | G19: =E19*(1-(F19/5))+0.2*E19 -> 1.2 | I19: =RANK(E19,$E$2:$E$58,1) -> 1 | J19: =IF(J18="","",IF(J18+K18>COUNTA(B18:B75)-1,"",J18+K18)) | K19: =COUNTIF(I19:I75,I19) -> 3
A20: 10 | B20: incapacité d'effectuer des analyses quantitatives/ qualitatives | C20: 4 | D20: 3 | E20: =D20*C20 -> 12 | G20: =E20*(1-(F20/5))+0.2*E20 -> 14.4 | I20: =RANK(E20,$E$2:$E$58,1) -> 42 | J20: =IF(J19="","",IF(J19+K19>COUNTA(B19:B76)-1,"",J19+K19)) | K20: =COUNTIF(I20:I76,I20) -> 2
A21: 11 | B21: perte des échantillons à analyser | C21: 4 | D21: 3 | E21: =D21*C21 -> 12 | G21: =E21*(1-(F21/5))+0.2*E21 -> 14.4 | I21: =RANK(E21,$E$2:$E$58,1) -> 42 | J21: =IF(J20="","",IF(J20+K20>COUNTA(B20:B77)-1,"",J20+K20)) | K21: =COUNTIF(I21:I77,I21) -> 1
A22: 12 | B22: Les résultats du projet ne respectent pas les exigences définies | C22: 3 | D22: 1 | E22: =D22*C22 -> 3 | G22: =E22*(1-(F22/5))+0.2*E22 -> 3.6 | I22: =RANK(E22,$E$2:$E$58,1) -> 11 | J22: =IF(J21="","",IF(J21+K21>COUNTA(B21:B78)-1,"",J21+K21)) | K22: =COUNTIF(I22:I78,I22) -> 9
... A58: 1 | B58: objectifs opérationnel et stratégiques non alignés | C58: 5 | D58: 3 | E58: =D58*C58 -> 15 | G58: =E58*(1-(F58/5))+0.2*E58 -> 18 | I58: =RANK(E58,$E$2:$E$58,1) -> 44 | J58: =IF(J57="","",IF(J57+K57>COUNTA(B57:B114)-1,"",J57+K57)) | K58: =COUNTIF(I58:I114,I58) -> 1

Sheet Matrice des risques
B2: Risque Division Ingénierie Marine
B3: N° Risque | C3: Libellé | F3: Score Criticité | G3: Score Contrôle
B4: 1 | C4: =INDEX('Risque MED'!B2:B58,MATCH(LARGE('Risque MED'!E2:E58,1),'Risque MED'!E2:E58,0),1) -> Prévisions inexactes/ imprécises | F4: =LARGE('Risque MED'!$E$2:$E$58,B4) -> 25 | G4: =IF(C4='Risque MED'!B2:B58,'Risque MED'!F2:F58,0) -> 0 | I4: {=INDEX(Libellé,MATCH(LARGE(Criticité-ROW(Criticité)/10^10,ROW(1:20)),Criticité-ROW(Criticité)/10^10,0))} -> Prévisions inexactes/ imprécises
B5: 2 | C5: =INDEX('Risque MED'!B3:B59,MATCH(LARGE('Risque MED'!E3:E59,1),'Risque MED'!E3:E59,0),1) -> Mauvaise /insuffisante planification des projets | F5: =LARGE('Risque MED'!$E$2:$E$58,B5) -> 25 | G5: =IF(C5='Risque MED'!B3:B59,'Risque MED'!F3:F59,0) -> 0 | I5: Mauvaise /insuffisante planification des projets
B6: 3 | C6: =INDEX('Risque MED'!B4:B60,MATCH(LARGE('Risque MED'!E4:E60,1),'Risque MED'!E4:E60,0),1) -> Dépassement du budget | F6: =LARGE('Risque MED'!$E$2:$E$58,B6) -> 25 | G6: =IF(C6='Risque MED'!B4:B60,'Risque MED'!F4:F60,0) -> 0 | I6: Dépassement du budget
B7: 4 | C7: =INDEX('Risque MED'!B5:B61,MATCH(LARGE('Risque MED'!E5:E61,1),'Risque MED'!E5:E61,0),1) -> Dépassement du budget | F7: =LARGE('Risque MED'!$E$2:$E$58,B7) -> 25 | G7: =IF(C7='Risque MED'!B5:B61,'Risque MED'!F5:F61,0) -> 0 | I7: Indisponibilité de matériel et des équipements
B8: 5 | C8: =INDEX('Risque MED'!B6:B62,MATCH(LARGE('Risque MED'!E6:E62,1),'Risque MED'!E6:E62,0),1) -> Dépassement du budget | F8: =LARGE('Risque MED'!$E$2:$E$58,B8) -> 25 | G8: =IF(C8='Risque MED'!B6:B62,'Risque MED'!F6:F62,0) -> 0 | I8: manque d'équipements de maintenance et/ou d'équipements alternatifs
B9: 6 | C9: =INDEX('Risque MED'!B7:B63,MATCH(LARGE('Risque MED'!E7:E63,1),'Risque MED'!E7:E63,0),1) -> Dépassement du budget | F9: =LARGE('Risque MED'!$E$2:$E$58,B9) -> 25 | G9: =IF(C9='Risque MED'!B7:B63,'Risque MED'!F7:F63,0) -> 0 | I9: la non connaissance des appels d'offre et des demandes client
B10: 7 | C10: =INDEX('Risque MED'!B8:B64,MATCH(LARGE('Risque MED'!E8:E64,1),'Risque MED'!E8:E64,0),1) -> Dépassement du budget | F10: =LARGE('Risque MED'!$E$2:$E$58,B10) -> 20 | G10: =IF(C10='Risque MED'!B8:B64,'Risque MED'!F8:F64,0) -> 5 | I10: Pas de document offciel de pilotage de projet
B11: 8 | C11: =INDEX('Risque MED'!B9:B65,MATCH(LARGE('Risque MED'!E9:E65,1),'Risque MED'!E9:E65,0),1) -> Dépassement du budget | F11: =LARGE('Risque MED'!$E$2:$E$58,B11) -> 20 | G11: =IF(C11='Risque MED'!B9:B65,'Risque MED'!F9:F65,0) -> 0 | I11: Menace de perturbation de l'activité due à des catastrophes naturelles (trenblements de terre, tornade, …) ou instabilité politique (actes terroristes et actes de malveillance)
B12: 9 | C12: =INDEX('Risque MED'!B10:B66,MATCH(LARGE('Risque MED'!E10:E66,1),'Risque MED'!E10:E66,0),1) -> Dépassement du budget | F12: =LARGE('Risque MED'!$E$2:$E$58,B12) -> 20 | G12: =IF(C12='Risque MED'!B10:B66,'Risque MED'!F10:F66,0) -> 0 | I12: incapacité à fournir la gestion adéquate de protection des équipements pour optimiser la longévité et l'utilisation
B13: 10 | C13: =INDEX('Risque MED'!B11:B67,MATCH(LARGE('Risque MED'!E11:E67,1),'Risque MED'!E11:E67,0),1) -> Indisponibilité de matériel et des équipements | F13: =LARGE('Risque MED'!$E$2:$E$58,B13) -> 20 | G13: =IF(C13='Risque MED'!B11:B67,'Risque MED'!F11:F67,0) -> 0 | I13: Coût de la maintenance élevé
B14: 11 | C14: =INDEX('Risque MED'!B12:B68,MATCH(LARGE('Risque MED'!E12:E68,1),'Risque MED'!E12:E68,0),1) -> Indisponibilité de matériel et des équipements | F14: =LARGE('Risque MED'!$E$2:$E$58,B14) -> 15 | G14: =IF(C14='Risque MED'!B12:B68,'Risque MED'!F12:F68,0) -> 0 | I14: Projet non rentable
B15: 12 | C15: =INDEX('Risque MED'!B13:B69,MATCH(LARGE('Risque MED'!E13:E69,1),'Risque MED'!E13:E69,0),1) -> manque d'équipements de maintenance et/ou d'équipements alternatifs | F15: =LARGE('Risque MED'!$E$2:$E$58,B15) -> 15 | G15: =IF(C15='Risque MED'!B13:B69,'Risque MED'!F13:F69,0) -> 0 | I15: Lenteur du processus décisionnel
B16: 13 | C16: =INDEX('Risque MED'!B14:B70,MATCH(LARGE('Risque MED'!E14:E70,1),'Risque MED'!E14:E70,0),1) -> manque d'équipements de maintenance et/ou d'équipements alternatifs | F16: =LARGE('Risque MED'!$E$2:$E$58,B16) -> 15 | G16: =IF(C16='Risque MED'!B14:B70,'Risque MED'!F14:F70,0) -> 0 | I16: délai d'étude de contrat long
... B23: 20 | C23: =INDEX('Risque MED'!B21:B77,MATCH(LARGE('Risque MED'!E21:E77,1),'Risque MED'!E21:E77,0),1) -> manque d'équipements de maintenance et/ou d'équipements alternatifs | F23: =LARGE('Risque MED'!$E$2:$E$58,B23) -> 5 | G23: =IF(C23='Risque MED'!B21:B77,'Risque MED'!F21:F77,0) -> 0 | I23: Incompréhension de la demande client

Sheet Feuil1
A1: La formule à l'origine sans plage nommée
A2: {=INDEX('Risque MED'!$B$2:$B$58;EQUIV(GRANDE.VALEUR('Risque MED'!$E$2:$E$58-LIGNE('Risque MED'!$E$2:$E$58)/10^10;LIGNE(1:20));'Risque MED'!$E$2:$E$58-LIGNE('Risque MED'!$E$2:$E$58)/10^10;0))}
A4: La formule avec les plages nommées devient
A5: {=INDEX(Libellé;EQUIV(GRANDE.VALEUR(Criticité-LIGNE(Criticité)/10^10;LIGNE(1:20));Criticité-LIGNE(Criticité)/10^10;0))}
A7: Pour nommer les plages on sélectionne par exemple la plage B2:B58 de la feuille Risque MED puis dans la zone Nom on écrit le nom que l'on veut donné à la plage sélectionnée. Idem pour l'autre plage
A42: {=INDEX(Libellé;EQUIV(GRANDE.VALEUR(Criticité-LIGNE(Criticité)/10^10;LIGNE(1:20));Criticité-LIGNE(Criticité)/10^10;0))}
A44: La formule INDEX associée à EQUIV peut être représentée comme suit
A45: =INDEX(Matrice;no_ligne;No_col) | D45: No_Col n'est pas nécessaire si Matrice n'a qu'une colonne ce qui est le cas ici.
A47: Matrice = Libellé = 'Risque MED'!$B$2:$B$58
A48: No_Ligne = EQUIV(GRANDE.VALEUR(Criticité-LIGNE(Criticité)/10^10;LIGNE(1:20));Criticité-LIGNE(Criticité)/10^10;0))
A49: Or EQUIV a comme arguments | E49: Grande valeur a comme arguments
A50: =EQUIV(valeur_cherchée;tableau_recherche;[Type]) | E50: =GRANDE.VALEUR(matrice;k)
A52: valeur charchée ici sera GRANDE.VALEUR(Criticité-LIGNE(Criticité)/10^10; et k sera LIGNE(1:20)
A53: tableau de recherche sera Criticité-LIGNE(Criticité)/10^10
A54: Type sera = à 0 pour chercher la valeur exacte.
A56: -LIGNE(Criticité)/10^10 est utilisé pour distingué les égalités en divisant LIGNE(Criticité) par un très grand nombre on crée un suite de nombre très petits qui sont tous différents de ligne en ligne
A57: et la même valeur qui se trouvent à plusieurs lignes devient ainsi différente de la précédente puisque LIGNE à changé.
A58: C'est cela qui permet de distingué les doublons.
A60: Les { } qui entourent la formule sont créées par Ctrl+Maj+Entrée pour que la formule soit matricielle ce qui fait que toutes les lignes sont lues par les formules.
